 Dungeon Crawl Stone Soup version 0.15.2 (webtiles) character file.

252 Aargh the Skirmisher (level 5, -3/42 HPs)
             Began as a Demonspawn Abyssal Knight on Nov 16, 2014.
             Was a Priest of Lugonu.
             Slain by an ogre
             ... wielding a +0 giant club
              (10 damage)
             ... on Level 4 of the Dungeon.
             The game lasted 00:26:45 (2889 turns).

Aargh the Skirmisher (Demonspawn Abyssal Knight)    Turns: 2889, Time: 00:26:45

HP  -3/42        AC 14     Str 12      XL: 5   Next: 89%
MP   1/8         EV  4     Int 14      God: Lugonu [***...]
Gold 146         SH  0     Dex 13      Spells:  0 memorised,  7 levels left

rFire  . . .     SeeInvis .     a - +2 falchion
rCold  . . .     Clarity  .     m - +0 chain mail
rNeg   . . .     rCorr    .     (no shield)
rPois  .         rRot     .     (helmet restricted)
rElec  .         Spirit   .     (no cloak)
SustAb .         Warding  .     d - +1 pair of gloves
rMut   .         Stasis   .     (no boots)
Gourm  .                        (no amulet)
MR     .....                    (no ring)
                                (no ring)

@: not resistant to hostile enchantments, extremely unstealthy
A: antennae 1, icy blue scales 2, demonic guardian 1
a: Depart the Abyss, Bend Space, Banish, Renounce Religion


You were on level 4 of the Dungeon.
You worshipped Lugonu.
Lugonu was most pleased with you.
You were very hungry.

You visited 1 branch of the dungeon, and saw 4 of its levels.
You visited the Abyss 1 time.
You also visited: Sewer.

You collected 146 gold pieces.


Innate Abilities, Weirdness & Mutations

You have a pair of small antennae on your head.
You are mostly covered in icy blue scales (AC +3, EV -1).
A weak demonic guardian rushes to your aid.


   Skills:
 + Level 3.9 Fighting
 + Level 2.6 Long Blades
 + Level 2.6 Armour
 + Level 2.5 Dodging
 * Level 1.3 Stealth
 * Level 1.5 Spellcasting
 * Level 3.4 Invocations


You had 7 spell levels left.
You didn't know any spells.

Dungeon Overview and Level Annotations

Branches:
Dungeon (4/15)
 Temple: D:4-7

Altars:
Vehumet
Xom

Inventory:

Hand weapons
 a - a +2 falchion (weapon)
 e - a +0 hand axe of flaming
   (You found it on level 2 of the Dungeon)
 g - a +0 hand axe
   (You found it on level 1 of the Dungeon)
 h - a +0 falchion
   (You found it on level 2 of the Dungeon)
 n - a +1 spear of piercing
   (You found it on level 2 of the Dungeon)
 q - a +0 short sword
   (You took it off a kobold on level 1 of the Dungeon)
 s - a cursed -2 spear
   (You found it on level 1 of the Dungeon)
 u - a +0 whip
   (You took it off a kobold in a sewer)
 v - a +0 hunting sling
   (You took it off a goblin on level 2 of the Dungeon)
 x - a +0 war axe
   (You took it off an orc on level 3 of the Dungeon)
 z - a +0 dagger of speed
   (You took it off a goblin on level 3 of the Dungeon)
Missiles
 f - 21 poisoned needles
 i - 29 sling bullets
 j - 21 arrows
 l - 4 tomahawks (quivered)
Armour
 b - a +0 leather armour
 d - a +1 pair of gloves (worn)
   (You found it on level 1 of the Dungeon)
 k - a +0 scale mail
   (You took it off an orc on level 2 of the Dungeon)
 m - a +0 chain mail (worn)
   (You found it on level 1 of the Dungeon)
Comestibles
 c - 3 bread rations
 A - a rotting chunk of jackal flesh
Scrolls
 t - 2 scrolls of remove curse
Potions
 o - a potion of invisibility {unknown}
 p - a potion of confusion {unknown}
 r - 3 potions of curing
 B - 2 potions of flight {unknown}
 C - a potion of heal wounds {unknown}
Magical staves
 w - an uncursed staff of earth
   (You found it on level 3 of the Dungeon)

#.#.# #.# *,*****,# #.#.#
#.# *,,,,,,,. #.#.# #.#
*,*****,# #.#.# #.# *,*
#,* #.#.# #.# *,* #.#
#.#.# #.# *,****#.. #.#.#
#.# *,,,,**** #.#.# #O#
****,* #.#.# #@# *,* #
#.#.# #5# #.#### #.#.# #l#
#..... #.#.# #.# ######
#.#.# #.# # #.#{# #.#
#.#{# #.# #.#.# #.#
#.#.#####.################


You could see an ogre, an iguana and a friendly ufetubus.

Action                   |  1- 3 |  4- 6 || total
-------------------------+-------+-------++-------
Melee: Falchion          |   124 |   129 ||   253
Throw: Tomahawk          |       |     6 ||     6
Invok: Banish            |       |     2 ||     2
  Use: Scroll            |     8 |     1 ||     9
       Potion            |       |     1 ||     1
  Eat: Chunk             |     3 |     3 ||     6

Vault maps used:
D:1:      saegor_arrival_simple_c, nrook_uturn, minmay_splitting_lines
D:2:      lemuel_coloured_pillars_altar, grunt_decor_one_mirror
D:3:      gammafunk_temple_overflow_claw, lemuel_crystal_altar, first_bread
D:4:      kennysheep_mini_moat, portal_sewer_entry_e, serial_shops,
          nicolae_shop_stone, glass_columns_b, uniq_crazy_yiuf_cottage
Abyss:1:  hangedman_elemental_corridor
Sewer:    sewer_kobolds

Notes
Turn   | Place    | Note
--------------------------------------------------------------
     0 | Abyss:1  | Aargh, the Demonspawn Abyssal Knight, began the quest for the Orb.
     0 | Abyss:1  | Reached XP level 1. HP: 18/18 MP: 1/1
    12 | Abyss:1  | Found a corrupted altar of Lugonu.
    16 | D:1      | Escaped the Abyss
   127 | D:2      | Found a radiant altar of Vehumet.
   223 | D:2      | Reached skill level 2 in Long Blades
   223 | D:2      | Reached skill level 2 in Armour
   223 | D:2      | Reached skill level 1 in Dodging
   223 | D:2      | Gained mutation: You are partially covered in icy blue scales (AC +1). [demonic ancestry]
   223 | D:2      | Reached XP level 2. HP: 21/24 MP: 2/2
   665 | D:1      | Acquired Lugonu's second power
   763 | D:1      | Gained mutation: You are mostly covered in icy blue scales (AC +3, EV -1). [demonic ancestry]
   763 | D:1      | Reached XP level 3. HP: 29/29 MP: 4/4
  1478 | D:3      | Found a shimmering altar of Xom.
  1480 | D:3      | Acquired Lugonu's third power
  1793 | D:4      | Noticed Aargh's ghost (weakling DrAK)
  1821 | D:3      | Reached skill level 3 in Invocations
  1821 | D:3      | Gained mutation: A weak demonic guardian rushes to your aid. [demonic ancestry]
  1821 | D:3      | Reached XP level 4. HP: 14/36 MP: 4/6
  2163 | D:4      | Killed Aargh's ghost
  2163 | D:4      | Reached skill level 1 in Stealth
  2163 | D:4      | Reached skill level 1 in Spellcasting
  2163 | D:4      | Gained mutation: You have a pair of small antennae on your head. [demonic ancestry]
  2163 | D:4      | Reached XP level 5. HP: 14/42 MP: 8/8
  2276 | D:4      | Reached skill level 2 in Dodging
  2292 | D:4      | Found a glowing drain.
  2313 | Sewer    | Entered a sewer
  2594 | Sewer    | Acquired Lugonu's fourth power
  2657 | Sewer    | Found a glowing silver altar of Zin.
  2795 | D:4      | Noticed an ogre
  2887 | D:4      | HP: 7/42 [ogre/giant club (24)]
  2889 | D:4      | Slain by an ogre

Vanquished Creatures
  A big kobold (Sewer)
  The ghost of Aargh the Skirmisher, a weakling DrAK of Lugonu (D:4)
  2 quasits (Sewer D:4)
  An iron imp (D:4)
  A hound (D:3)
  3 green rats (D:4 Sewer)
  An adder (D:2)
  2 giant mites (D:4)
  A white imp (D:4)
  2 ufetubi (Sewer D:4)
  3 giant geckos (D:1 D:3)
  3 orcs (D:2 D:3)
  6 bats (D:2 D:1 D:4)
  3 giant cockroaches (D:1 D:3 D:4)
  6 goblins (D:2 D:1 D:3 D:4)
  10 hobgoblins (D:2 D:1 D:3)
  3 jackals (D:1 Sewer)
  A quokka (D:3)
  3 ball pythons (D:1 D:4)
  A giant newt (D:1)
  10 kobolds (D:2 D:1 D:3 Sewer)
  13 rats (D:1 D:2 D:4 Sewer)
77 creatures vanquished.

Vault maps used:
D:1:      saegor_arrival_simple_c, nrook_uturn, minmay_splitting_lines
D:2:      lemuel_coloured_pillars_altar, grunt_decor_one_mirror
D:3:      gammafunk_temple_overflow_claw, lemuel_crystal_altar, first_bread
D:4:      kennysheep_mini_moat, portal_sewer_entry_e, serial_shops,
          nicolae_shop_stone, glass_columns_b, uniq_crazy_yiuf_cottage
Abyss:1:  hangedman_elemental_corridor
Sewer:    sewer_kobolds

Table legend:
 A = Turns spent in this place as a percentage of turns spent in the entire game.
 B = Non-inter-level travel turns spent in this place as a percentage of non-inter-level travel turns spent in the entire game.
 C = Inter-level travel turns spent in this place as a percentage of turns spent in this place.
 D = Turns resting spent in this place as a percentage of non-inter-level travel turns spent in this place.
 E = Turns spent auto-exploring this place as a percentage of non-inter-level travel turns spent in this place.
 F = Non-inter-level travel turns spent in this place divided by the number of levels of this place that you've seen.
                   A       B       C       D       E      F
               +-------+-------+-------+-------+-------+----------------------
         Total | 100.0 | 100.0 |   0.0 |   1.5 |   4.2 | 204.7
       Dungeon |  85.4 |  85.4 |   0.0 |   1.3 |   4.5 | 262.2
         Abyss |   0.5 |   0.5 |   0.0 |   0.0 |  16.7 |   6.0
         Sewer |  14.1 |  14.1 |   0.0 |   2.3 |   1.7 | 173.0
               +-------+-------+-------+-------+-------+----------------------

Table legend:
 A = Kills in this place as a percentage of kills in entire the game.
 B = Kills by you in this place as a percentage of kills by you in the entire game.
 C = Kills by friends in this place as a percentage of kills by friends in the entire game.
 D = Other kills in this place as a percentage of other kills in the entire game.
 E = Experience gained in this place as a percentage of experience gained in the entire game.
 F = Experience gained in this place divided by the number of levels of this place that you have seen.
                   A       B       C       D       E      F
               +-------+-------+-------+-------+-------+----------------------
         Total | 100.0 | 100.0 |  -nan |  -nan | 100.0 |  60.0
       Dungeon |  84.5 |  84.5 |  -nan |  -nan |  70.6 |  63.5
         Sewer |  15.5 |  15.5 |  -nan |  -nan |  29.4 | 106.0
               +-------+-------+-------+-------+-------+----------------------
